 Dungeon Crawl Stone Soup version 0.17-a0-2109-g117576f (webtiles) character file.

346 M4edhros the Charlatan (level 6, 0/41 HPs)
             Began as an Octopode Artificer on Oct 19, 2015.
             Slain by an orc warrior
             ... wielding a +2 long sword of holy wrath
              (20 damage)
             ... on level 6 of the Dungeon.
             The game lasted 00:04:29 (2091 turns).

M4edhros the Charlatan (Octopode Artificer)         Turns: 2091, Time: 00:04:29

Health: 0/41       AC:  1    Str: 10    XL:     6   Next: 59%
Magic:  9/9        EV: 11    Int: 14    God:
Gold:   74         SH:  8    Dex: 15    Spells: 1 memorised, 6 levels left

rFire  x . .     SeeInvis .     a - +0 short sword
rCold  + . .     Clarity  .     n - +0 shield
rNeg   + . .     SustAt   .     (helmet restricted)
rPois  .         Gourm    .     (no amulet)
rElec  .         Spirit   .     j - ring of ice
rCorr  .         Warding  .     g - ring of positive energy
rMut   .         Stasis   .     (no ring)
MR     .....                    (no ring)
Stlth  ++++......               (no ring)
                                (no ring)
                                (no ring)
                                (no ring)

@: not resistant to hostile enchantments, stealthy
A: almost no armour, amphibious, 8 rings, constrict 8, camouflage 1, gelatinous
body 1
a: no special abilities


You were on level 6 of the Dungeon.
You were hungry.

You visited 1 branch of the dungeon, and saw 6 of its levels.

You collected 74 gold pieces.

Inventory:

Hand Weapons
 a - a +0 short sword (weapon)
Armour
 k - a +1 buckler
 n - a +0 shield (worn)
Jewellery
 g - a ring of positive energy (right tentacle)
 j - a ring of ice (left tentacle)
Wands
 b - a wand of flame (13)
 c - a wand of enslavement (11)
 d - a wand of random effects (12)
 f - a wand of draining (6)
 o - a wand of draining (11)
 q - a wand of polymorph (8)
 r - a wand of paralysis (11)
Scrolls
 h - 3 scrolls of remove curse
 l - a scroll of identify
Books
 t - a book of Conjurations

   Spells                             Type                      Level
   a - Magic Dart                     Conjuration                  1
   b - Searing Ray                    Conjuration                  2
   c - Dazzling Spray                 Conjuration/Hexes            3
   d - Fulminant Prism                Conjuration/Hexes            4
   e - Iskenderun's Mystic Blast      Conjuration                  4
   f - Iskenderun's Battlesphere      Conjuration/Charms           5
Comestibles
 e - 2 bread rations
 i - a slice of pizza


   Skills:
 + Level 2.6 Fighting
 - Level 1.0 Short Blades
 + Level 2.8 Dodging
 + Level 3.6 Stealth
 * Level 2.8 Shields
 * Level 1.4 Spellcasting
 * Level 1.6 Conjurations
 + Level 4.3 Evocations


You had 6 spell levels left.
You knew the following spells:

 Your Spells              Type           Power        Failure   Level  Hunger
a - Magic Dart            Conj           #...         77%         1    ##.....


Dungeon Overview and Level Annotations

Branches:
Dungeon (6/15)
 Temple: D:4-7

Altars:

Shops:
D:6 }


Innate Abilities, Weirdness & Mutations

You cannot wear most types of armour.
You are amphibious.
You can wear up to eight rings at the same time.
You can use your tentacles to constrict eight enemies at once.
Your skin changes colour to match your surroundings (Stealth).
Your rubbery body absorbs attacks (AC +1).


Message History

Really walk into a travel-excluded area?
Uppercase [Y]es or [N]o only, please.
Really walk into a travel-excluded area?
The orc warrior shouts!
The orc warrior hits you with a long sword of holy wrath!!
Ouch! That really hurt!
Evoke which item? (* to show all) (? for menu, Esc to quit)
Zapping:
c - a wand of enslavement (13)
Press: ? - help, Shift-Dir - straight line, f - orc warrior
Aim: an orc warrior, wielding a long sword of holy wrath, wearing a plate armour and wearing an opal ring (chance to defeat MR: 54%)
The orc warrior resists with significant effort.
This wand has 12 charges left.
Evoke which item? (* to show all) (? for menu, Esc to quit)
Zapping:
c - a wand of enslavement (12)
Press: ? - help, Shift-Dir - straight line, f/p - orc warrior
Aim: an orc warrior, wielding a long sword of holy wrath, wearing a plate armour and wearing an opal ring (chance to defeat MR: 54%)
The orc warrior resists with significant effort.
This wand has 11 charges left.
The orc warrior hits you with a long sword of holy wrath!!
You die...

##.#....# ####.
#######8.8######
#....
#...............
#.###
#.............§.#.
#...............
#...§..^......§. .
#............... .
#...o........... .
#....@.......§..
..
#............§..
#...............
#...............
#§...........§§.
#...............
#..............
#.............


You could see an orc warrior.

Vanquished Creatures
  2 hounds
  2 giant frog skeletons
  3 iguanas
  2 orc wizards (D:5)
  4 adders
  A gnoll (D:5)
  4 worms
  A giant gecko (D:4)
  2 orcs (D:6)
  3 giant cockroaches
  5 goblins
  A hobgoblin (D:1)
  A jackal (D:6)
  2 quokkas
  A ball python (D:1)
  A bat (D:1)
  2 kobolds
  3 rats
40 creatures vanquished.

Vanquished Creatures (collateral kills)
  An orc (D:5)
1 creature vanquished.

Vanquished Creatures (others)
  A scorpion (D:6)
  An orc priest (D:5)
  A gnoll (D:5)
3 creatures vanquished.

Grand Total: 44 creatures vanquished

Notes
Turn   | Place    | Note
--------------------------------------------------------------
     0 | D:1      | M4edhros the Octopode Artificer began the quest for the Orb.
     0 | D:1      | Reached XP level 1. HP: 13/13 MP: 3/3
   143 | D:1      | Reached XP level 2. HP: 18/18 MP: 4/4
   431 | D:3      | Reached skill level 1 in Shields
   444 | D:3      | Reached XP level 3. HP: 10/23 MP: 5/5
   716 | D:5      | Entered Level 5 of the Dungeon
   722 | D:5      | Reached XP level 4. HP: 16/29 MP: 6/6
   967 | D:5      | Reached skill level 4 in Evocations
  1027 | D:5      | Reached XP level 5. HP: 10/34 MP: 8/8
  1298 | D:5      | Learned a level 1 spell: Magic Dart
  1416 | D:5      | Reached skill level 1 in Spellcasting
  1420 | D:5      | Reached skill level 1 in Conjurations
  1420 | D:5      | Reached XP level 6. HP: 30/41 MP: 9/9
  1667 | D:6      | Found Qagan's Gadget Boutique.
  1851 | D:6      | HP: 2/41 [iguana (7)]
  2091 | D:6      | Slain by an orc warrior

Vault maps used:
D:1:      sevenhm_arrival_forest_fort_small_6
D:2:      minitemple
D:3:      ecumenical_altar_1, first_bread, serial_park_tiny_1, st_stairs_10,
          minmay_bad_closet, trog_hazing_becter
D:4:      corexii_shack_village
D:6:      lemuel_temple_firewalk_marked, serial_shops,
          nicolae_shop_window_shopping, uniq_crazy_yiuf_cottage

Action                   |  1- 3 |  4- 6 || total
-------------------------+-------+-------++-------
Melee: Short sword       |    50 |    68 ||   118
Evoke: Wand              |     2 |     7 ||     9
  Use: Scroll            |       |     9 ||     9
       Potion            |       |     5 ||     5
 Stab: Sleeping          |    11 |     5 ||    16
  Eat: Chunk             |       |     3 ||     3
